 Dungeon Sprint DCSS version 0.19-a0-578-g4cfc824 (webtiles) character file.

5300000 Groucho the Ninja (level 27, -25/199 HPs)
             Began as a Gargoyle Abyssal Knight on June 9, 2016.
             Was the Champion of Makhleb.
             Annihilated by a destroyer
             ... wielding a +9 great sword of slicing
              (52 damage)
             ... in the Dungeon (Sprint VIII: "Arena of Blood").
             The game lasted 00:02:42 (53 turns).

Groucho the Ninja (Gargoyle Abyssal Knight)           Turns: 53, Time: 00:02:43

Health: -25/199    AC: 27    Str: 17    XL:     27
Magic:  12/54      EV: 33    Int: 16    God:    Makhleb [******]
Gold:   0          SH:  0    Dex: 18    Spells: 0 memorised, 80 levels left

rFire  . . .     SeeInvis .     j - +∞ Axe of Woe
rCold  . . .     Gourm    .     b - +0 leather armour
rNeg   + . .     Faith    .     (shield currently unavailable)
rPois  ∞         Spirit   .     (no helmet)
rElec  +         Dismiss  .     (no cloak)
rCorr  .         Reflect  .     (no gloves)
SustAt .         Harm     .     (no boots)
MR     ++...     NoTele   +     (no amulet)
Stlth  +++++++++.               (no ring)
                                (no ring)

@: very resistant to hostile enchantments, incredibly stealthy
A: big wings, negative energy resistance 1, electricity resistance, unbreathing,
petrification resistance, rot immunity, AC +20
a: Fly, Minor Destruction, Lesser Servant of Makhleb, Major Destruction, Greater
Servant of Makhleb, Renounce Religion


You were in the Dungeon.
You worshipped Makhleb.
Makhleb was exalted by your worship.
You were not hungry.

You visited 1 branch

Inventory:

Hand Weapons
 a - a +1 hand axe
 j - the +∞ Axe of Woe (weapon)
   (You found it in the Dungeon)
Armour
 b - a +0 leather armour (worn)
Scrolls
 i - a scroll of blinking
Potions
 d - a potion of curing
 e - a potion of heal wounds
 f - a potion of haste
 g - 2 potions of magic
 h - a potion of berserk rage
Comestibles
 c - a bread ration


   Skills:
 O Level 27 Fighting
 O Level 27 Axes
 O Level 27 Throwing
 O Level 27 Armour
 O Level 27 Dodging
 O Level 27 Stealth
 O Level 27 Unarmed Combat
 O Level 27 Spellcasting
 O Level 27 Invocations


You had 80 spell levels left.
You didn't know any spells.

Dungeon Overview and Level Annotations

Branches:
Dungeon (1/1)

Altars:
Makhleb


Innate Abilities, Weirdness & Mutations

You are resistant to torment.
Your stone body is resilient. (AC +20)
You are immune to poison.
Your large and strong wings let you fly indefinitely.
You resist negative energy. (rN+)
You are resistant to electric shocks. (rElec)
You can survive without breathing.
You are immune to petrification.
You are immune to rotting.


Message History

You hit the destroyer.
You cleave the destroyer in twain.
You destroy the destroyer!
Makhleb accepts your kill.
You slice the meat berserker!!
You pulverise the meat berserker into a thin bloody mist.
You kill the meat berserker!
Makhleb accepts your kill.
You slice the meat berserker!!
You fatally mangle the meat berserker.
You kill the meat berserker!
Makhleb accepts your kill.
You hear a shout! x3
The accursed appears out of thin air!
An accursed comes into view.
You hear a shout! x5
The bag of meat is engulfed in roaring flames.
You hear a shout! x3
The destroyer hits you with a +9 great sword of slicing!!!!!
Ouch! That really hurt!
* * * LOW HITPOINT WARNING * * *
You die...

.###....)))###....
#.%..).)#....§.
.#....)))#.%....
..M.%.)§§§..§...
....X%.)§..O.#.
.%...%.§§§..#...
.......Xo)##....
#......).#......
.....z.)@#.oo###
#%#.....V.......
....%...........
..#.....####...
......... ...
.........
....=....
##########


You could see an accursed (wandering), a destroyer, a sculptor of flesh, 2 large
abominations, a meat berserker (berserk) and a bag of meat.

Vanquished Creatures
  Harold (D)
  7 vampire knights (D)
  18 ogres (D)
  30 orcs (D)
  5 hill giants (D)
  2 skeletal warriors (D)
  3 large abominations (D)
  A small abomination (D)
  3 crawling corpses (D)
70 creatures vanquished.

Vanquished Creatures (others)
  3 crawling corpses (D)
3 creatures vanquished.

Grand Total: 73 creatures vanquished

Notes
Turn   | Place    | Note
--------------------------------------------------------------
     0 | D        | Groucho the Gargoyle Abyssal Knight began the quest for the Orb.
     0 | D        | Reached XP level 1. HP: 14/14 MP: 2/2
     4 | D        | Noticed a bag of meat
     4 | D        | Fell from the grace of Lugonu
     4 | D        | Became a worshipper of Makhleb the Destroyer
     5 | D        | Noticed a bag of meat
     6 | D        | Noticed a bag of meat
     7 | D        | Noticed a meat berserker
     8 | D        | Noticed a bag of meat
     9 | D        | Noticed a bag of meat
     9 | D        | Noticed a meat berserker
     9 | D        | Killed a meat berserker
     9 | D        | Reached XP level 2. HP: 32/32 MP: 2/9
     9 | D        | Reached XP level 3. HP: 36/36 MP: 2/10
     9 | D        | Reached XP level 4. HP: 42/42 MP: 2/12
     9 | D        | Reached XP level 5. HP: 47/47 MP: 2/13
     9 | D        | Reached XP level 6. HP: 52/52 MP: 2/15
     9 | D        | Reached XP level 7. HP: 57/57 MP: 2/16
     9 | D        | Reached XP level 8. HP: 63/63 MP: 2/17
     9 | D        | Reached XP level 9. HP: 68/68 MP: 2/18
     9 | D        | Reached XP level 10. HP: 73/73 MP: 2/19
     9 | D        | Reached XP level 11. HP: 78/78 MP: 2/20
     9 | D        | Reached XP level 12. HP: 84/84 MP: 2/21
     9 | D        | Reached XP level 13. HP: 88/88 MP: 2/22
     9 | D        | Killed a bag of meat
     9 | D        | Reached * piety under Makhleb
     9 | D        | Gained mutation: Your large and strong wings let you fly indefinitely. [Gargoyle growth]
     9 | D        | Reached XP level 14. HP: 96/96 MP: 2/24
     9 | D        | Noticed a bag of meat
    10 | D        | Noticed a meat berserker
    10 | D        | Noticed a bag of meat
    10 | D        | Killed a bag of meat
    10 | D        | Reached skill level 15 in Fighting
    10 | D        | Reached skill level 15 in Dodging
    11 | D        | Noticed a meat berserker
    11 | D        | Noticed a bag of meat
    11 | D        | Noticed a bag of meat
    11 | D        | Killed a meat berserker
    11 | D        | Reached ** piety under Makhleb
    11 | D        | Reached XP level 15. HP: 67/105 MP: 2/27
    11 | D        | Killed a meat berserker
    11 | D        | Reached XP level 16. HP: 114/114 MP: 2/28
    12 | D        | Noticed a large bag of meat
    12 | D        | Noticed a large bag of meat
    13 | D        | Noticed a meat berserker
    13 | D        | Reached *** piety under Makhleb
    13 | D        | Reached XP level 17. HP: 120/120 MP: 3/30
    14 | D        | Reached skill level 27 in Stealth
    14 | D        | Reached **** piety under Makhleb
    15 | D        | Reached XP level 18. HP: 131/131 MP: 3/32
    16 | D        | Killed a meat berserker
    16 | D        | Reached ***** piety under Makhleb
    16 | D        | Reached XP level 19. HP: 140/140 MP: 3/34
    17 | D        | Killed a meat berserker
    17 | D        | Reached skill level 27 in Axes
    19 | D        | Killed a large bag of meat
    19 | D        | Reached ****** piety under Makhleb
    19 | D        | Reached skill level 27 in Dodging
    19 | D        | Reached XP level 20. HP: 155/155 MP: 4/36
    19 | D        | Killed a large bag of meat
    20 | D        | Noticed a meat berserker
    20 | D        | Noticed a meat berserker
    20 | D        | Reached skill level 27 in Fighting
    20 | D        | Reached skill level 27 in Armour
    20 | D        | Reached skill level 27 in Invocations
    20 | D        | Reached skill level 5 in Throwing
    20 | D        | Reached skill level 5 in Spellcasting
    21 | D        | Noticed a meat berserker
    21 | D        | Noticed a meat berserker
    21 | D        | Noticed a large bag of meat
    21 | D        | Noticed a meat berserker
    21 | D        | Reached skill level 10 in Unarmed Combat
    22 | D        | Noticed a meat berserker
    22 | D        | Reached skill level 15 in Unarmed Combat
    22 | D        | Reached XP level 21. HP: 163/163 MP: 4/39
    23 | D        | Reached skill level 15 in Throwing
    23 | D        | Reached skill level 15 in Spellcasting
    24 | D        | Noticed a meat berserker
    25 | D        | Noticed a meat berserker
    26 | D        | Killed a meat berserker
    26 | D        | Killed a meat berserker
    26 | D        | Reached XP level 22. HP: 169/169 MP: 5/48
    27 | D        | Reached skill level 27 in Unarmed Combat
    27 | D        | Reached XP level 23. HP: 175/175 MP: 5/53
    27 | D        | Reached skill level 27 in Throwing
    27 | D        | Reached skill level 27 in Spellcasting
    29 | D        | Noticed a destroyer
    29 | D        | Reached XP level 24. HP: 181/181 MP: 6/54
    31 | D        | Noticed a destroyer
    31 | D        | Reached XP level 25. HP: 187/187 MP: 6/54
    32 | D        | Noticed a destroyer
    33 | D        | Noticed a destroyer
    33 | D        | Noticed a destroyer
    34 | D        | Noticed The Servant
    34 | D        | Killed a destroyer
    35 | D        | Killed a destroyer
    36 | D        | Killed a destroyer
    36 | D        | Reached XP level 26. HP: 193/193 MP: 8/54
    36 | D        | Killed a destroyer
    41 | D        | Killed The Servant
    41 | D        | Reached XP level 27. HP: 164/199 MP: 9/54
    43 | D        | Noticed a destroyer
    43 | D        | Killed a destroyer
    44 | D        | Noticed a destroyer
    49 | D        | Noticed a destroyer
    51 | D        | Killed a destroyer
    52 | D        | Killed a destroyer
    53 | D        | Noticed an accursed
    53 | D        | Annihilated by a destroyer

Vault maps used:
D:        meatsprint

Skill      XL: |  1  2  3  4  5  6  7  8  9 10 11 12 13 14 15 16 17 18 19 20 21 22 23 |
---------------+----------------------------------------------------------------------+-----
Fighting       | 13 14 16 17 18 20 22 26 27 | 27.0
Axes           | 14 16 18 20 21 23 26 27 | 27.0
Armour         | 12 14 16 17 18 20 22 25 27 | 27.0
Dodging        | 13 14 17 18 20 22 24 27 | 27.0
Stealth        | 18 19 23 24 26 27 | 27.0
Invocations    | 12 13 16 17 18 20 22 25 27 | 27.0
Throwing       | 14 22 26 27 | 27.0
Unarmed Combat | 15 24 27 | 27.0
Spellcasting   | 14 22 26 27 | 27.0

Action                   |  1- 3 |  4- 6 |  7- 9 | 10-12 | 13-15 | 16-18 | 19-21 | 22-24 | 25-27 || total
-------------------------+-------+-------+-------+-------+-------+-------+-------+-------+-------++-------
Melee: Executioner's axe |     1 |       |       |       |     2 |     4 |    10 |     5 |    14 ||    36
Armor: Leather armour    |       |       |       |       |       |       |       |     1 |     1 ||     2
Dodge: Dodged            |       |       |       |       |       |     1 |       |       |     1 ||     2
